 Dungeon Crawl Stone Soup version 0.24-a0-515-gbe7f5e2e8d (webtiles) character file.

Game seed: 12070299271510444734

378 Essalna the Skirmisher (level 6, 0/48 HPs)
             Began as a Mummy Gladiator on July 21, 2019.
             Slain by Crazy Yiuf
             ... wielding a +3 quarterstaff of chaos
              (1 damage)
             ... on level 3 of the Dungeon.
             The game lasted 00:07:43 (2637 turns).

Essalna the Skirmisher (Mummy Gladiator)            Turns: 2637, Time: 00:07:43

Health: 0/48       AC:  6    Str: 17    XL:     6   Next: 45%
Magic:  6/6        EV: 12    Int:  9    God:
Gold:   116        SH:  3    Dex: 14    Spells: 5/5 levels left

rFire    x . .     SeeInvis .   a - +0 long sword
rCold    + . .     Gourm    .   (no shield)
rNeg     + + +     Faith    .   k - +0 ring mail (curse)
rPois    ∞         Spirit   .   c - +0 helmet
rElec    .         Reflect  +   (no cloak)
rCorr    .         Harm     .   (no gloves)
MR       .....                  (no boots)
Stlth    +.........             n - +3 amulet of reflection
HPRegen  0.16/turn              (no ring)
MPRegen  0.10/turn              (no ring)

@: hasted, very quick
A: no food or potions, fire vulnerability, cold resistance 1, negative energy
resistance 3, torment resistance, unbreathing
a: no special abilities


You were on level 3 of the Dungeon.
You were not hungry.

You visited 1 branch of the dungeon, and saw 3 of its levels.

You collected 116 gold pieces.

Inventory:

Hand Weapons
 a - a +0 long sword (weapon)
Missiles
 d - a throwing net (quivered)
Armour
 b - a +0 leather armour
 c - a +0 helmet (worn)
 k - a cursed +0 ring mail (worn)
Jewellery
 n - a +3 amulet of reflection (around neck)
Scrolls
 e - 2 scrolls of blinking {unknown}
 f - 2 scrolls of amnesia {unknown}
 g - 2 scrolls of remove curse {unknown}
 h - a scroll of teleportation {unknown}
 i - 4 scrolls of identify {unknown}
 j - 3 scrolls of immolation {unknown}
 l - a scroll of random uselessness {unknown}
 m - a scroll of fear {unknown}
 o - 3 scrolls of enchant armour {unknown}


   Skills:
 + Level 4.0 Fighting
 + Level 3.8 Long Blades
 - Level 1.5 Throwing
 - Level 2.0 Armour
 + Level 3.6 Dodging


You had 5 spell levels left.
You didn't know any spells.
Your spell library was empty.

Dungeon Overview and Level Annotations

Branches:
Dungeon (3/15)

Altars:
Zin

Annotations:
D:3 Crazy Yiuf


Innate Abilities, Weirdness & Mutations

You do not eat or drink.
Your flesh is vulnerable to fire.
You are immune to poison.
Your flesh is cold resistant. (rC+)
You are immune to negative energy. (rN+++)
You are immune to unholy pain and torment.
You can survive without breathing.


Message History

Crazy Yiuf burns you!
You closely miss Crazy Yiuf.
Crazy Yiuf is severely wounded.
You block Crazy Yiuf's attack.
You hit Crazy Yiuf.
Crazy Yiuf is severely wounded.
Crazy Yiuf hits you with a +3 quarterstaff of chaos!
* * * LOW HITPOINT WARNING * * *
You hit Crazy Yiuf but do no damage.
Crazy Yiuf is severely wounded.
Crazy Yiuf hits you with a +3 quarterstaff of chaos!
* * * LOW HITPOINT WARNING * * *
You feel yourself speed up.
You barely miss Crazy Yiuf.
Crazy Yiuf is severely wounded.
Crazy Yiuf hits you but does no damage.
You hit Crazy Yiuf.
Crazy Yiuf is almost dead.
Crazy Yiuf hits you with a +3 quarterstaff of chaos.
You die...

#......#........##............
#.......###########...........
#.......# #...........
#####...# ##### #.........!.
...# #..)# #.......###. #...#
#.####### #. ... #.# ## #g#
#.# # ##@# #.# # #.## #.# #
##.# #.# #.## #.# ##.## #.#
#.)P## #.# #P...# #.# #....#
#.# #..).####.#


You could see Crazy Yiuf.

Vanquished Creatures
  An ogre (D:2)
  3 orc priests (D:3)
  Terence (D:3)
  A hound zombie (D:3)
  A gnoll (D:1)
  7 adders (D:2)
  An ooze (D:3)
  2 worms
  3 dart slugs
  A leopard gecko (D:1)
  8 orcs
  A ball python (D:1)
  7 bats
  A giant cockroach (D:1)
  12 goblins
  3 hobgoblins
  2 jackals (D:3)
  2 quokkas (D:2)
  5 frilled lizards
  7 kobolds
  8 rats
77 creatures vanquished.

Notes
Turn   | Place    | Note
-------+----------+-------------------------------------------
     0 | D:1      | Essalna the Mummy Gladiator began the quest for the Orb.
     0 | D:1      | Reached XP level 1. HP: 16/16 MP: 1/1
    97 | D:1      | Reached XP level 2. HP: 22/23 MP: 2/2
   460 | D:1      | Reached XP level 3. HP: 21/28 MP: 3/3
  1008 | D:2      | Reached skill level 1 in Armour
  1034 | D:2      | Noticed an ogre
  1049 | D:2      | Reached XP level 4. HP: 26/34 MP: 4/4
  1064 | D:2      | Killed an ogre
  1064 | D:2      | Reached skill level 3 in Fighting
  1064 | D:2      | Reached XP level 5. HP: 27/41 MP: 5/5
  2072 | D:3      | Noticed Terence
  2095 | D:3      | Killed Terence
  2103 | D:3      | Reached XP level 6. HP: 33/47 MP: 6/6
  2448 | D:3      | Found a faded altar of an unknown god.
  2490 | D:3      | Reached skill level 4 in Fighting
  2518 | D:3      | Found a glowing silver altar of Zin.
  2626 | D:3      | Found a runed translucent door.
  2627 | D:3      | Noticed Crazy Yiuf
  2635 | D:3      | HP: 1/48 [Crazy Yiuf/+3 quarterstaff of chaos (14)]
  2637 | D:3      | Slain by Crazy Yiuf

Levels and vault maps discovered:
D:1:      dpeg_arrival_three_smaller_balls, layout_loops_ring
D:2:      layout_basic, st_stairs_10
D:3:      layout_basic, zin_scriptorium, first_ration,
          chequers_ecumenical_altar_simple_redux, uniq_terence,
          uniq_crazy_yiuf_cottage

Skill      XL: |  1  2  3  4  5  6 |
---------------+-------------------+-----
Long Blades    | 3 |  3.8
Armour         | 1 2 |  2.0
Fighting       | 3 4 |  4.0
Dodging        | 3 |  3.6
Throwing       | |  1.5

Action                   |  1- 3 |  4- 6 || total
-------------------------+-------+-------++-------
Melee: Long sword        |    78 |   185 ||   263
Throw: Throwing net      |       |     3 ||     3
 Stab: Held in net/web   |       |     1 ||     1
Armor: Leather armour    |     8 |       ||     8
       Ring mail         |    22 |    69 ||    91
Dodge: Dodged            |    63 |   124 ||   187
Block: Other             |       |    19 ||    19
       Reflection        |       |     1 ||     1
       Rpst.: Long sword |    17 |    37 ||    54

Table legend:
 A = Non-vault XP
 B = Vault XP
 C = Vault XP percentage of total XP
 D = Non-vault monster count
 E = Vault monster count
 F = Vault count percentage of total count
                 A         B        C        D         E       F
            +---------+---------+-------+---------+---------+-------
      Total |     501 |      39 |   7.2 |      74 |       3 |   3.9
            +---------+---------+-------+---------+---------+-------
        D:1 |      47 |       0 |   0.0 |      17 |       0 |   0.0
        D:2 |     264 |       3 |   1.1 |      35 |       2 |   5.4
        D:3 |     190 |      36 |  15.9 |      22 |       1 |   4.3
            +---------+---------+-------+---------+---------+-------
